 Dungeon Crawl Stone Soup version 0.27-a0-385-g3208abaabc (webtiles) character file.

Game seed: 1394072410673292153

6 wampuh the Magician (level 1, 0/13 HPs)
             Began as a Demonspawn Hedge Wizard on Feb 19, 2021.
             Succumbed to an adder's poison
             ... on level 2 of the Dungeon.
             The game lasted 00:00:59 (739 turns).

wampuh the Magician (Demonspawn Hedge Wizard)        Turns: 739, Time: 00:01:00

Health: 0/13       AC:  2    Str: 16    XL:     1   Next: 75%
Magic:  0/4        EV: 12    Int: 15    God:
Gold:   44         SH:  0    Dex: 12    Spells: 5/6 levels left

rFire    . . .     SeeInvis .   a - +0 dagger
rCold    . . .     Faith    .   (no shield)
rNeg     . . .     Spirit   +   b - +0 robe
rPois    .         Reflect  .   c - +0 hat
rElec    .         Harm     .   (no cloak)
rCorr    .         Rampage  .   (no gloves)
Will     .....                  (no boots)
Stlth    ++........             d - amulet of guardian spirit
HPRegen  0.04/turn              h - +6 ring of strength
MPRegen  0.09/turn              (no ring)

@: lethally poisoned (0 -> -12)
A: no striking features
a: no special abilities


You were on level 2 of the Dungeon.
You visited 1 branch of the dungeon, and saw 2 of its levels.

You collected 44 gold pieces.

Inventory:

Hand Weapons
 a - a +0 dagger (weapon)
Armour
 b - a +0 robe (worn)
 c - a +0 hat (worn)
Jewellery
 d - an amulet of guardian spirit (around neck)
 h - a +6 ring of strength (left hand)
Scrolls
 e - 2 scrolls of random uselessness {unknown}
 i - a scroll of identify {unknown}
 k - a scroll of blinking {unknown}
Potions
 g - a potion of mutation {unknown}
 j - a potion of attraction {unknown}


   Skills:
 - Level 1.7 Dodging
 - Level 1.7 Stealth
 + Level 3.1 Spellcasting
 + Level 1.4 Conjurations
 - Level 1.0 Summonings
 - Level 0.8 Translocations


You had 5 spell levels left.
You knew the following spells:

 Your Spells              Type           Power        Failure   Level
a - Magic Dart            Conj           24%          11%         1

Your spell library contained the following spells:

 Spells                   Type           Power        Failure   Level
 Call Imp                 Summ           5%           21%         2
 Blink                    Tloc           N/A          22%         2
 Slow                     Hex            2%           30%         2
 Conjure Flame            Conj/Fire      4%           41%         3
 Mephitic Cloud           Conj/Pois/Air  3%           43%         3


Dungeon Overview and Level Annotations

Branches:
Dungeon (2/15)

Altars:


Message History

The dart slug barely misses you.
You hit the dart slug.
The dart slug is severely wounded.
The adder hisses angrily.
You hit the dart slug.
The dart slug is almost dead.
The dart slug closely misses you.
You hit the dart slug.
You kill the dart slug!
Found a stone staircase leading up.
You hit the adder.
The adder is moderately wounded.
The adder bites you.
You are poisoned.
The adder poisons you! The adder bites you.
You are lethally poisoned!
The adder poisons you!
It was a potion of curing.
You feel better. The adder bites you.
You closely miss the adder.
The adder is lightly wounded.
The adder bites you.
You are poisoned.
The adder poisons you!
You feel better. The adder bites you.
You are poisoned.
The adder poisons you! The adder bites you.
Okay, then.
Unknown command.
You closely miss the adder.
The adder is lightly wounded.
You feel sick. The adder bites you.
You closely miss the adder.
The adder is lightly wounded.
The adder bites you.
* * * LOW HITPOINT WARNING * * *
You are more poisoned.
The adder poisons you!
You hit the adder.
The adder is moderately wounded.
You die...

#...# .## #...#
.... #...# ##
....###...##.#.
##<............
...............
#.....S.......
#@..# #...#
...####...##
........†..#
..###.#....#
##<#..#.....
#.....#.####
#..#.##..
#..#.# #.


You could see an adder.

Vanquished Creatures
  A dart slug (D:2)
  A bat (D:1)
  2 frilled lizards
  2 rats (D:1)
6 creatures vanquished.

Notes
Turn   | Place    | Note
-------+----------+-------------------------------------------
     0 | D:1      | wampuh the Demonspawn Hedge Wizard began the quest for the
                  | Orb.
     0 | D:1      | Reached XP level 1. HP: 13/13 MP: 4/4
   739 | D:2      | Succumbed to an adder's poison

Illustrated notes

Levels and vault maps discovered:
D:1:      matt_arrival_los_fun, layout_loops_ring
D:2:      layout_loops_cross, uniq_crazy_yiuf_cottage, uniq_natasha

Action                   || total
-------------------------++-------
Melee: Dagger            ||    20
  Use: Potion            ||     2
 Stab: Sleeping          ||     3
Armor: Robe              ||     2
Dodge: Dodged            ||     9

Table legend: (Time is in decaauts)
 A = Elapsed time spent in this place.
 B = Non-inter-level travel time spent in this place.
 C = Inter-level travel time spent in this place.
 D = Time resting spent in this place.
 E = Time spent auto-exploring this place.
 F = Levels seen in this place.
 G = Mean time per level.
                   A        B        C        D        E       F      G
               +--------+--------+--------+--------+--------+-----+--------+
         Total |    738 |    672 |     66 |      0 |    616 |   2 |  369.0 |
       Dungeon |    738 |    672 |     66 |      0 |    616 |   2 |  369.0 |
               +--------+--------+--------+--------+--------+-----+--------+

Top non-repeatable levels by time:
     D:1: 717 daAuts
     D:2: 20 daAuts
